 Dungeon Crawl Stone Soup version 0.30-a0-862-g1aabd4f9c5 (webtiles) character file.

Game seed: 11277947874220477684

1852 bande the Chopper (level 9, 0/55 HPs)
             Began as a Gargoyle Fighter on Mar 9, 2023.
             Was an Initiate of Okawaru.
             Slain by an orc priest
             ... wielding a +0 whip
              (2 damage)
             ... on level 6 of the Dungeon.
             The game lasted 00:08:20 (5100 turns).

bande the Chopper (Gargoyle Fighter)                Turns: 5100, Time: 00:08:20

Health: 0/55       AC: 25    Str: 19    XL:     9   Next: 12%
Magic:  10/10      EV:  5    Int: 10    God:    Okawaru [......]
Gold:   707        SH: 11    Dex: 17    Spells: 8/8 levels left

rFire   + . .      SeeInvis +    a - +1 war axe
rCold   . . .      Faith    .    c - +0 buckler
rNeg    + . .      Spirit   .    g - +0 plate armour
rPois   ∞          Reflect  +    s - +1 helmet
rElec   +          Rampage  .    k - +2 cloak
rCorr   .                        x - +0 pair of gloves
Will    .....                    (no boots) Stlth
                                 n - amulet of reflection
HPRegen 0.29/turn                h - ring of see invisible
MPRegen 0.12/turn                u - +6 ring of dexterity

@: no status effects
A: sickness immunity, AC +6, negative energy resistance 1, electricity
resistance, torment resistance 1, petrification resistance, hooves 1, clumsy 1,
fire resistance 1
a: Renounce Religion


You were on level 6 of the Dungeon.
You worshipped Okawaru.
Okawaru was noncommittal.
You visited 2 branches of the dungeon, and saw 7 of its levels.

You collected 707 gold pieces.

Inventory:

Hand Weapons
 a - a +1 war axe (weapon)
 p - a +0 war axe
 w - a +2 morningstar of flaming
Armour
 c - a +0 buckler (worn)
 g - a +0 plate armour (worn)
 k - a +2 cloak (worn)
 s - a +1 helmet (worn)
 x - a +0 pair of gloves (worn)
Jewellery
 h - a ring of see invisible (left hand)
 n - an amulet of reflection (around neck)
 t - an amulet of faith
 u - a +6 ring of dexterity (right hand)
Wands
 f - a wand of polymorph (12)
 v - a wand of mindburst (12)
Scrolls
 e - 3 scrolls of teleportation
 l - a scroll of magic mapping
Potions
 b - a potion of curing
 d - a potion of might
 i - 3 potions of heal wounds
 m - a potion of flight
 o - a potion of ambrosia
 q - a potion of degeneration {unknown}
 r - a potion of attraction {unknown}


   Skills:
 + Level 5.8 Fighting
 + Level 7.4 Axes
 + Level 5.9 Armour
 - Level 0.3 Dodging
 + Level 5.3 Shields
 * Level 1.6 Invocations
 * Level 2.6 Evocations


You had 8 spell levels left.
You didn't know any spells.
Your spell library contained the following spells:

 Spells                   Type           Power      Damage    Failure   Level
 Sandblast                Erth           0%         2d4       100%        1
 Shock                    Conj/Air       0%         1d3       100%        1
 Ensorcelled Hibernation  Hex/Ice        0%         N/A       100%        2
 Passwall                 Tmut/Erth      0%         N/A       100%        2
 Ignite Poison            Fire/Tmut/Pois 0%         N/A       100%        3
 Inner Flame              Hex/Fire       0%         N/A       100%        3
 Kindle Blastsparks       Fire/Tloc/Air  0%         2d10      100%        3
 Stone Arrow              Conj/Erth      0%         3d7       100%        3
 Swiftness                Air            0%         N/A       100%        3
 Airstrike                Air            0%         2d(0-16)  100%        4
 Cause Fear               Hex            0%         N/A       100%        4
 Freezing Cloud           Conj/Ice/Air   0%         6-21      100%        5
 Discord                  Hex            0%         N/A       100%        8
 Summon Small Mammal      Summ           Unusable   N/A       N/A         1
 Call Canine Familiar     Summ           Unusable   N/A       N/A         3
 Summon Guardian Golem    Hex/Summ       Unusable   N/A       N/A         3

Dungeon Overview and Level Annotations

Branches:
Dungeon (6/15)             Temple (1/1) D:5

Altars:
Elyvilon
Fedhas
Hepliaklqana
Kikubaaqudgha
Makhleb
Okawaru
Sif Muna
Uskayaw
Vehumet
Xom
Yredelemnul


Innate Abilities, Weirdness & Mutations

You are immune to sickness and miasma.
Your stone body is resilient. (AC +6)
You are immune to poison.
You resist negative energy. (rN+)
You are resistant to electric shocks. (rElec)
You are resistant to unholy torment.
You are immune to petrification.
You have large cloven feet.
You are clumsy. (Dex -2)
Your flesh is heat resistant. (rF+)


Message History

The orc is lightly wounded.
You block the orc's attack.
The orc priest looks encouraged for a moment.
You closely miss the orc. Your kick misses the orc.
The orc is lightly wounded.
The orc hits you with a +0 whip.
You slash the orc!
You kill the orc!
Okawaru accepts your kill.
You hit the orc. You kick the orc, but do no damage.
The orc is moderately wounded.
The orc hits you but does no damage.
You hit the orc.
You kill the orc!
Okawaru accepts your kill.
You barely miss the orc. The orc hits you but does no damage.
The orc priest invokes the aid of Beogh against you.
Beogh smites you!
* * * LOW HITPOINT WARNING * * *
You block the orc's attack.
You closely miss the orc. Your kick misses the orc.
The orc hits you but does no damage.
You hit the orc. You kick the orc.
You kill the orc!
Okawaru accepts your kill. You block the orc's attack.
You hit the orc.
The orc is heavily wounded.
The orc priest mumbles some strange prayers to Beogh against you.
Beogh smites you!
* * * LOW HITPOINT WARNING * * *
You block the orc's attack.
You hit the orc.
You kill the orc!
Okawaru accepts your kill.
You slash the orc!
You kill the orc!
Okawaru accepts your kill. The orc priest hits you with a +0 whip.
You die...

# #.# ♣♣♣ #...
#♣.♣# ♣
#....♣♣♣...♣♣♣...
.#
#..o@..........
..#
#....♣♣♣...♣♣♣.
..# #... #♣.♣#
♣.. .... ♣.♣ ♣♣♣
♣.# #.. #♣.♣#
#♣.♣# #♣.# ..
♣♣...♣♣♣...♣♣♣..#
#
♣...............#
♣♣...♣♣♣...♣♣♣..#
#♣.♣# #♣.♣# #♣.#


You could see an orc priest.

Vanquished Creatures
  Grinder (D:3)
  A steam dragon (D:4)
  An ice beast (D:3)
  A black bear (D:5)
  3 ogres
  A phantom (D:5)
  A bullfrog (D:6)
  5 scorpions
  A howler monkey (D:5)
  2 hounds
  4 orc priests
  Ijyb (D:3)
  Jessica (D:3)
  4 orc wizards
  Robin (D:3)
  3 gnolls (D:3)
  9 adders
  A shadow imp (D:4)
  2 white imps
  An ufetubus (D:4)
  2 worms
  4 dart slugs
  26 orcs
  5 ball pythons
  4 bats
  9 endoplasms
  6 giant cockroaches
  17 goblins
  4 hobgoblins
  7 jackals
  5 kobolds
  2 quokkas
  A frilled lizard (D:2)
  3 rats
139 creatures vanquished.

Vanquished Creatures (others)
  An orc (D:4)
1 creature vanquished.

Grand Total: 140 creatures vanquished

Notes
Turn   | Place    | Note
-------+----------+-------------------------------------------
     0 | D:1      | bande the Gargoyle Fighter began the quest for the Orb.
     0 | D:1      | Reached XP level 1. HP: 14/14 MP: 1/1
   174 | D:1      | Reached XP level 2. HP: 19/19 MP: 2/2
   717 | D:2      | Reached skill level 2 in Axes
   741 | D:2      | Reached XP level 3. HP: 13/24 MP: 3/3
  1184 | D:2      | Reached XP level 4. HP: 28/29 MP: 4/4
  1190 | D:2      | Noticed a floating eye
  1193 | D:2      | Found a faded altar of an unknown god.
  1196 | D:2      | Noticed a shining eye
  1202 | D:2      | Noticed a floating eye
  1373 | D:2      | Noticed a shining eye
  1495 | D:3      | Noticed Jessica
  1497 | D:3      | Noticed an ice beast
  1509 | D:3      | Killed Jessica
  1510 | D:3      | Reached skill level 3 in Axes
  1530 | D:3      | Killed an ice beast
  1531 | D:3      | Reached XP level 5. HP: 21/33 MP: 5/5
  1640 | D:3      | Reached XP level 6. HP: 38/38 MP: 6/6
  1682 | D:3      | Noticed Robin
  1728 | D:3      | Killed Robin
  1850 | D:3      | Reached skill level 4 in Axes
  1864 | D:3      | Gained mutation: Your magical capacity is low. (-10% MP)
                  | [potion of mutation]
  1864 | D:3      | Gained mutation: You have sharp fingernails. [potion of
                  | mutation]
  1864 | D:3      | Gained mutation: You are clumsy. (Dex -2) [potion of
                  | mutation]
  1865 | D:3      | Lost mutation: You have sharp fingernails. [potion of
                  | mutation]
  1865 | D:3      | Lost mutation: Your magical capacity is low. (-10% MP)
                  | [potion of mutation]
  1865 | D:3      | Gained mutation: Your flesh is heat resistant. (rF+)
                  | [potion of mutation]
  1865 | D:3      | Gained mutation: You have large cloven feet. [potion of
                  | mutation]
  2011 | D:3      | Noticed Grinder
  2042 | D:3      | Killed Grinder
  2043 | D:3      | Reached skill level 5 in Axes
  2043 | D:3      | Reached XP level 7. HP: 39/44 MP: 7/7
  2348 | D:3      | Noticed Ijyb
  2369 | D:3      | Killed Ijyb
  2813 | D:4      | Noticed a steam dragon
  2824 | D:4      | Killed a steam dragon
  2825 | D:4      | Reached skill level 5 in Fighting
  2886 | D:4      | Reached skill level 5 in Armour
  2965 | D:4      | Reached skill level 6 in Axes
  2965 | D:4      | Reached XP level 8. HP: 41/49 MP: 8/8
  3197 | D:4      | Reached skill level 1 in Evocations
  3738 | D:5      | Entered Level 5 of the Dungeon
  3957 | D:5      | Reached skill level 7 in Axes
  4033 | D:5      | Found a staircase to the Ecumenical Temple.
  4043 | Temple   | Entered the Ecumenical Temple
  4050 | Temple   | Became a worshipper of Warmaster Okawaru
  4189 | D:5      | Reached skill level 5 in Shields
  4324 | D:5      | Found a basalt altar of Yredelemnul.
  4380 | D:5      | Found a white marble altar of Elyvilon.
  4983 | D:6      | Reached skill level 1 in Invocations
  4983 | D:6      | Reached XP level 9. HP: 51/55 MP: 9/9
  5098 | D:6      | HP: 1/55 [orc priest/divine providence (15)]
  5100 | D:6      | Slain by an orc priest

Illustrated notes

Levels and vault maps discovered:
D:1:      dpeg_arrival_connections, layout_loops_ring, minmay_pentomino_t2
D:2:      layout_basic, hellmonk_ecumenical_altar_watching_god, hex_medium,
          patterned_corridor
D:3:      cheibrodos_pilgrimage, layout_basic, uniq_robin, uniq_ijyb,
          uniq_grinder, uniq_jessica
D:4:      minmay_polygon_palace, layout_basic
D:5:      layout_layer_cave, kennysheep_ying_yang, minmay_temple_entry_wispy,
          minmay_misc_feat_x
D:6:      layout_basic, lemuel_crystal_altar, nicolae_shop_i_like_big_books,
          kennysheep_crisscross, minivault_14, minmay_stone_trees_large,
          kennysheep_generic_room_4
Temple:   compressed_dpeg_triangle_lava_temple

Skill      XL: |  1  2  3  4  5  6  7  8 |
---------------+-------------------------+-----
Axes           | 2 3 5 6 7 |  7.4
Armour         | 4 5 |  5.9
Fighting       | 4 5 |  5.8
Shields        | 4 5 |  5.3
Evocations     | 2 |  2.6
Invocations    | 1 |  1.6
Dodging        | |  0.3

Action                     |  1- 3 |  4- 6 |  7- 9 || total
---------------------------+-------+-------+-------++-------
  Melee: War axe           |   101 |   136 |   232 ||   469
         Kick              |       |     5 |    44 ||    49
    Use: Potion            |       |     4 |       ||     4
         Scroll            |       |     5 |     5 ||    10
 Armour: Scale mail        |     5 |       |       ||     5
         Plate armour      |    93 |   118 |   167 ||   378
         Skin              |       |       |    14 ||    14
  Dodge: Dodged            |    43 |    37 |    49 ||   129
  Block: Buckler           |    30 |    21 |    88 ||   139

Table legend: (Time is in decaauts)
 A = Elapsed time spent in this place.
 B = Non-inter-level travel time spent in this place.
 C = Inter-level travel time spent in this place.
 D = Time resting spent in this place.
 E = Time spent auto-exploring this place.
 F = Levels seen in this place.
 G = Mean time per level.
                   A        B        C        D        E       F      G
               +--------+--------+--------+--------+--------+-----+--------+
         Total |   5245 |   4958 |    287 |    461 |   3412 |   7 |  749.3 |
       Dungeon |   5230 |   4943 |    287 |    461 |   3412 |   6 |  871.7 |
        Temple |     14 |     14 |      0 |      0 |      0 |   1 |   14.0 |
               +--------+--------+--------+--------+--------+-----+--------+

Top non-repeatable levels by time:
     D:5: 1203 daAuts
     D:3: 1195 daAuts
     D:4: 1152 daAuts
     D:2: 852 daAuts
     D:1: 662 daAuts
     D:6: 163 daAuts
  Temple: 14 daAuts
